 Dungeon Sprint DCSS version 0.31-a0-344-gd109795599 (webtiles) character file.

Game seed: 6596251088800740399

25 Conn the Firebug (level 3, -1/21 HPs)
             Began as an Octopode Fire Elementalist on July 22, 2023.
             Slain by a water elemental (11 damage)
             ... in the Dungeon (Sprint III: "The Ten Rune Challenge").
             The game lasted 00:02:35 (249 turns).

Conn the Firebug (Octopode Fire Elementalist)        Turns: 249, Time: 00:02:35

Health: -1/21      AC:  1    Str:  7    XL:     3   Next: 6%
Magic:  2/7        EV: 13    Int: 19    God:
Gold:   33         SH:  0    Dex: 12    Spells: 2/8 levels left

rFire   + . .        (no weapon)
rCold   . . .        (no shield)
rNeg    . . .        (helmet restricted)
rPois   .            (no amulet)
rElec   .            (no ring)
rCorr   .            (no ring)
SInv    .            (no ring)
Will    .....        (no ring)
Stlth   ++++         (no ring)
HPRegen 0.23/turn    (no ring)
MPRegen 0.10/turn    (no ring)
                     (no ring)

%: no teleportation
@: unable to read
A: almost no armour, amphibious, 8 rings, camouflage 1, gelatinous body 1,
nimble swimmer 1, tentacles, fire resistance 1, evolution 1, inability to read
after injury 1
a: no special abilities


You were in the Dungeon.
You visited 1 branch You collected 33 gold pieces.

Inventory:

Scrolls
 g - 2 scrolls of poison {unknown}
 i - 3 scrolls of identify
 l - a scroll of torment {unknown}
Potions
 a - 3 potions of magic
 d - a potion of haste
 e - a potion of berserk rage
 h - 2 potions of mutation
 j - a potion of might {unknown}
 k - a potion of degeneration {unknown}


   Skills:
 + Level 2.8 Dodging
 + Level 3.3 Stealth
 + Level 3.0 Spellcasting
 + Level 1.3 Conjurations
 + Level 5.2 Fire Magic


You had 2 spell levels left.
You knew the following spells:

 Your Spells              Type           Power      Damage    Failure   Level
a - Foxfire               Conj/Fire      60%        2x1d7     4%          1
b - Scorch                Fire           46%        2d7       2%          2
c - Inner Flame           Hex/Fire       12%        N/A       16%         3

Your spell library contained the following spells:

 Spells                   Type           Power      Damage    Failure   Level
 Volatile Blastmotes      Fire/Tloc      24%        2d12      16%         3
 Flame Wave               Conj/Fire      15%        2d7       36%         4


Dungeon Overview and Level Annotations

Branches:
Dungeon (1/1)

Altars:


Innate Abilities, Weirdness & Mutations

You cannot wear most types of armour.
You are amphibious.
You can wear up to eight rings at the same time.
Your skin changes colour to match your surroundings (Stealth+).
Your rubbery body absorbs attacks. (AC +1, EV +1)
You are camouflaged when in or above water. (Stealth+)
You have tentacles for arms and can constrict up to eight enemies at once.
Your flesh is heat resistant. (rF+)
You have hidden genetic potential.
You occasionally lose the ability to read scrolls when taking damage.


Message History

Unknown command.
Casting: Foxfire (safe; 4% risk of failure)
Confirm with . or Enter, or press ? or * to list all spells.
Okay, then.
Unknown command.
Casting: Foxfire (safe; 4% risk of failure)
Confirm with . or Enter, or press ? or * to list all spells.
Flames lash the human.
The human is heavily wounded.
The human's fire resistance burns away.
The human is engulfed in a cloud of scalding steam.
The human hits you with a +0 whip!
Unknown command.
The human is engulfed in a cloud of scalding steam.
Flame seeps out of the human.
Unknown command.
Casting: Scorch (safe; 2% risk of failure)
Confirm with . or Enter, or press ? or * to list all spells.
Flames lash the water elemental.
The water elemental is burned terribly!
The water elemental is moderately damaged.
The water elemental's fire resistance burns away.
Casting: Scorch (safe; 2% risk of failure)
Confirm with . or Enter, or press ? or * to list all spells.
Flames lash the human.
The human is burned terribly!
The human is severely wounded.
The human is engulfed in a cloud of scalding steam.
The human splashes around in the water.
The water elemental barely misses you.
The human is engulfed in a cloud of scalding steam.
The human hits you with a +0 whip!
You feel threatened and lose the ability to read scrolls!
Ouch! That really hurt!
* * * LOW HITPOINT WARNING * * *
Unknown command.
Unknown command.
Unknown command.
You feel better.
The human is engulfed in a cloud of scalding steam.
The human completely misses you. The water elemental hits you!
Ouch! That really hurt!
You die...

▓▓▓▓▓▓▓▓▓▓▓ ▓▓▓
▓<.#..'...♣♣♣ ♣.#
▓..#..#.....♣ ♣.#
▓#'####.....♣ ♣♣.#
▓.....#....~♣♣♣♣..# #+#'#
▓.†...#...~~♣.♣♣..#......
▓...§.#..~~p~♣.♣..'p⌠....
▓####'#..p≈≈~~~...#.E.###
▓..†..#.~@E~§~....# ⌠.#
▓.....#.~≈~~~.....# .#
▓.....#.~~~.......# #
▓'#####...........#
▓.................#
▓▓▓▓▓▓▓▓▓▓▓▓▓▓▓▓▓▓▓


You could see a water elemental (combustible) and 2 humans.

Vanquished Creatures
  A human (D)
  A phantom (D)
  4 rats (D)
6 creatures vanquished.

Vanquished Creatures (others)
  24 foxfires (D)
24 creatures vanquished.

Grand Total: 30 creatures vanquished

Notes
Turn   | Place    | Note
-------+----------+-------------------------------------------
     0 | D        | Conn the Octopode Fire Elementalist began the quest for the
                  | Orb.
     0 | D        | Reached XP level 1. HP: 11/11 MP: 3/3
   106 | D        | Reached skill level 4 in Fire Magic
   106 | D        | Reached XP level 2. HP: 17/17 MP: 0/5
   122 | D        | Reached skill level 5 in Fire Magic
   122 | D        | Reached XP level 3. HP: 18/21 MP: 1/7
   224 | D        | Learned a level 2 spell: Scorch
   228 | D        | Learned a level 3 spell: Inner Flame
   228 | D        | Gained mutation: You have hidden genetic potential. [potion
                  | of mutation]
   228 | D        | Gained mutation: You occasionally lose the ability to read
                  | scrolls when taking damage. [potion of mutation]
   228 | D        | Gained mutation: Your flesh is heat resistant. (rF+)
                  | [potion of mutation]
   237 | D        | Noticed a human
   237 | D        | Noticed a human
   237 | D        | Noticed a water elemental
   249 | D        | Slain by a water elemental

Illustrated notes

Levels and vault maps discovered:
D:        dungeon_sprint_mu [sprint_mu_entry_forest, sprint_mu_temple_rooms,
          sprint_mu_d1_horrors, sprint_mu_d2_genie, sprint_mu_d3_branching,
          sprint_mu_orc_legion, sprint_mu_elf_gauntlet, sprint_mu_hive_nellie,
          sprint_mu_lair_fedhas, sprint_mu_vaults_butterflies,
          sprint_mu_slime_circle, sprint_mu_swamp_cave, sprint_mu_snake_twists,
          sprint_mu_blade_basic, sprint_mu_crypt_chambers,
          sprint_mu_tomb_spiral, sprint_mu_vestibule_basic,
          sprint_mu_gehenna_hellfire, sprint_mu_dis_giant,
          sprint_mu_tartarus_statrot, sprint_mu_cocytus_islands, sprint_mu_zot1]

Skill      XL: |  1  2 |
---------------+-------+-----
Fire Magic     | 4 5 |  5.2
Stealth        | 3 |  3.3
Spellcasting   | 3 |  3.0
Dodging        | |  2.8
Conjurations   | |  1.3

Action                     || total
---------------------------++-------
  Melee: Unarmed           ||     7
         Constrict         ||     2
         Tentacles         ||     2
   Cast: Foxfire           ||    13
         Scorch            ||     3
         Inner Flame       ||     1
    Use: Potion            ||     4
         Scroll            ||     1
  Dodge: Dodged            ||     6

Table legend: (Time is in decaauts)
 A = Elapsed time spent in this place.
 B = Non-inter-level travel time spent in this place.
 C = Inter-level travel time spent in this place.
 D = Time resting spent in this place.
 E = Time spent auto-exploring this place.
 F = Levels seen in this place.
 G = Mean time per level.
                   A        B        C        D        E       F      G
               +--------+--------+--------+--------+--------+-----+--------+
         Total |    249 |    249 |      0 |    116 |      0 |   1 |  249.0 |
       Dungeon |    249 |    249 |      0 |    116 |      0 |   1 |  249.0 |
               +--------+--------+--------+--------+--------+-----+--------+

Top non-repeatable levels by time:
       D: 249 daAuts
